ITL
BLUEVILLE 83'S @ TRENTON STARS
06/29/2027
 
TOP OF THE 1ST
Blueville 83's batting - Pitching for Trenton Stars : RHP Rusty van Rhee
Pitching: RHP Rusty van Rhee
Batting: RHB Barney Lawson 0-0: Called Strike
0-1: Ball
1-1: Foul Ball, location: 2F
1-2: Reached on error, E6 (Groundball, 6)
Batting: RHB Gernot Renner 0-0: Fly out, F8 (Flyball, 8LS)
Batting: RHB Oliver Lugo 0-0: Called Strike
0-1: SINGLE (Groundball, 34) (infield hit)
Barney Lawson to second
Batting: RHB Matt Perkins 0-0: Foul Ball, location: 2F
0-1: Swinging Strike
0-2: Ball
1-2: Ball
2-2: Strikes out swinging
Batting: LHB Ricardo Romero 0-0: Ball
1-0: Ball
2-0: DOUBLE (Flyball, 7LM)
Barney Lawson scores
Oliver Lugo to third
Runner from 3rd tries for Home, SAFE, no throw
Batting: RHB Dallas Blair 0-0: SINGLE (Groundball, 23) (infield hit)
Ricardo Romero to third
Batting: LHB Vincente Sáenz 0-0: SINGLE (Line Drive, 34D)
Ricardo Romero scores
Dallas Blair to second
Runner from 2nd tries for 3rd, SAFE, throw made to third
Batting: RHB Daryl Floyd 0-0: Ball
1-0: Foul Ball, location: 2F
1-1: Called Strike
1-2: Ball
2-2: Strikes out swinging
Top of the 1st over - 3 run(s), 4 hit(s), 1 error(s), 2 left on base; Blueville 3 - Trenton 0
BOTTOM OF THE 1ST
Trenton Stars batting - Pitching for Blueville 83's : LHP Carlos Thomas
Pitching: LHP Carlos Thomas
Batting: SHB Nick Marshall 0-0: Ball
1-0: Ground out 4-3 (Groundball, 34)
Batting: RHB Chris Cole 0-0: Ball
1-0: Ball
2-0: Called Strike
2-1: Ball
3-1: Foul Ball, location: 2F
3-2: SINGLE (Flyball, 9S)
Batting: RHB Rafael Canales 0-0: Called Strike
0-1: Ground out 5-3 (Groundball, 25)
Chris Cole to second
Batting: LHB Ricardo Brandariz 0-0: Ball
1-0: Called Strike
1-1: Ball
2-1: Swinging Strike
2-2: Foul Ball, location: 2F
2-2: Ball
3-2: Strikes out swinging
Bottom of the 1st over - 0 run(s), 1 hit(s), 0 error(s), 1 left on base; Blueville 3 - Trenton 0
TOP OF THE 2ND
Blueville 83's batting - Pitching for Trenton Stars : RHP Rusty van Rhee
Batting: LHB Júlio Velásquez 0-0: Ball
1-0: Called Strike
1-1: Ball
2-1: Ball
3-1: Called Strike
3-2: Base on Balls
Batting: RHB Barney Lawson 0-0: Called Strike
0-1: Ball
1-1: Ground out 6-3 (Groundball, 6S)
Júlio Velásquez to second
Batting: RHB Gernot Renner 0-0: Ball
1-0: Ball
2-0: Foul Ball, location: 2F
2-1: Called Strike
2-2: Ball
3-2: Strikes out swinging
Batting: RHB Oliver Lugo 0-0: Called Strike
0-1: Called Strike
0-2: Strikes out looking
Top of the 2nd over - 0 run(s), 0 hit(s), 0 error(s), 1 left on base; Blueville 3 - Trenton 0
BOTTOM OF THE 2ND
Trenton Stars batting - Pitching for Blueville 83's : LHP Carlos Thomas
Batting: RHB Jonas Uttley 0-0: Called Strike
0-1: Foul Ball, location: 2F
0-2: Ball
1-2: Ball
2-2: Ground out 5-3 (Groundball, 56)
Batting: RHB Kenji Murayama 0-0: Called Strike
0-1: Ball
1-1: Foul Ball, location: 2F
1-2: Strikes out swinging
Batting: RHB Clancy Booker 0-0: Ball
1-0: Foul Ball, location: 2F
1-1: Swinging Strike
1-2: TRIPLE (Flyball, 9LD)
Batting: RHB Gabriel Villegas 0-0: Ball
1-0: Called Strike
1-1: Foul Ball, location: 2F
1-2: Ball
2-2: Ground out 5-3 (Groundball, 56)
Bottom of the 2nd over - 0 run(s), 1 hit(s), 0 error(s), 1 left on base; Blueville 3 - Trenton 0
TOP OF THE 3RD
Blueville 83's batting - Pitching for Trenton Stars : RHP Rusty van Rhee
Batting: RHB Matt Perkins 0-0: Swinging Strike
0-1: Ball
1-1: Fly out, F5 (Popup, 56)
Batting: LHB Ricardo Romero 0-0: Called Strike
0-1: Swinging Strike
0-2: Strikes out swinging
Batting: RHB Dallas Blair 0-0: Ball
1-0: SINGLE (Line Drive, 6MD)
Batting: LHB Vincente Sáenz 0-0: Called Strike
0-1: Foul Ball, location: 2F
0-2: Strikes out swinging
Top of the 3rd over - 0 run(s), 1 hit(s), 0 error(s), 1 left on base; Blueville 3 - Trenton 0
BOTTOM OF THE 3RD
Trenton Stars batting - Pitching for Blueville 83's : LHP Carlos Thomas
Batting: RHB Felipe Olivas 0-0: SINGLE (Flyball, 9S)
Batting: SHB Nick Marshall 0-0: Ball
1-0: Called Strike
1-1: Ball
2-1: SINGLE (Groundball, 6D)
Felipe Olivas to second
Batting: RHB Chris Cole 0-0: Ball
1-0: Called Strike
1-1: SINGLE (Groundball, 34D)
Felipe Olivas to third
Nick Marshall to second
Runner from 3rd tries for Home, SAFE, throw made at trailing runner, SAFE at third!
Batting: RHB Rafael Canales 0-0: Called Strike
0-1: Grounds into double play, 5-4-3 (Groundball, 56)
Nick Marshall scores
Batting: LHB Ricardo Brandariz 0-0: Swinging Strike
0-1: Foul Ball, location: 2F
0-2: Ground out 1-3 (Groundball, P)
Bottom of the 3rd over - 2 run(s), 3 hit(s), 0 error(s), 0 left on base; Blueville 3 - Trenton 2
TOP OF THE 4TH
Blueville 83's batting - Pitching for Trenton Stars : RHP Rusty van Rhee
Batting: RHB Daryl Floyd 0-0: Ball
1-0: Ball
2-0: Ball
3-0: Called Strike
3-1: Base on Balls
Batting: LHB Júlio Velásquez 0-0: Ball
1-0: Called Strike
1-1: SINGLE (Line Drive, 6)
Daryl Floyd to second
Batting: RHB Barney Lawson 0-0: Ground out 5-3 (Groundball, 56S)
Daryl Floyd to third
Júlio Velásquez to second
Batting: RHB Gernot Renner 0-0: Ball
1-0: Ball
2-0: Fly out, F8 (Flyball, 8LM)
Runner from 3rd tags up, SCORES, no throw
Batting: RHB Oliver Lugo 0-0: Ball
1-0: Foul Ball, location: 2F
1-1: Ball
2-1: Ball
3-1: Foul Ball, location: 2F
3-2: Base on Balls
Batting: RHB Matt Perkins 0-0: Called Strike
0-1: Ball
1-1: Foul Ball, location: 2F
1-2: Ball
2-2: Foul Ball, location: 2F
2-2: Foul Ball, location: 2F
2-2: Foul Ball, location: 2F
2-2: Foul Ball, location: 2F
2-2: Fly out, F4 (Popup, 4MD)
Top of the 4th over - 1 run(s), 1 hit(s), 0 error(s), 2 left on base; Blueville 4 - Trenton 2
BOTTOM OF THE 4TH
Trenton Stars batting - Pitching for Blueville 83's : LHP Carlos Thomas
Batting: RHB Jonas Uttley 0-0: Foul Ball, location: 2F
0-1: Foul Ball, location: 2F
0-2: Ball
1-2: Foul Ball, location: 2F
1-2: Ball
2-2: Foul Ball, location: 2F
2-2: Fly out, F8 (Flyball, 8RS)
Batting: RHB Kenji Murayama 0-0: Ball
1-0: Ball
2-0: Called Strike
2-1: Ball
3-1: Foul Ball, location: 2F
3-2: Foul Ball, location: 2F
3-2: Foul Ball, location: 2F
3-2: Base on Balls
Batting: RHB Clancy Booker 0-0: Called Strike
0-1: SINGLE (Groundball, 4MD)
Kenji Murayama to second
Batting: RHB Gabriel Villegas 0-0: Ball
1-0: Grounds into double play, 6-4-3 (Groundball, 6)
Bottom of the 4th over - 0 run(s), 1 hit(s), 0 error(s), 1 left on base; Blueville 4 - Trenton 2
TOP OF THE 5TH
Blueville 83's batting - Pitching for Trenton Stars : RHP Rusty van Rhee
Batting: LHB Ricardo Romero 0-0: Called Strike
0-1: Called Strike
0-2: Strikes out looking
Batting: RHB Dallas Blair 0-0: Ball
1-0: Ground out 5-3 (Groundball, 56S)
Batting: LHB Vincente Sáenz 0-0: Ball
1-0: Ball
2-0: Swinging Strike
2-1: Foul Ball, location: 2F
2-2: Ball
3-2: Foul Ball, location: 2F
3-2: Base on Balls
Batting: RHB Daryl Floyd 0-0: Foul Ball, location: 2F
0-1: Called Strike
0-2: Ball
1-2: Ball
2-2: Ball
3-2: Foul Ball, location: 2F
3-2: TRIPLE (Flyball, 8LXD)
Vincente Sáenz scores
Batting: LHB Júlio Velásquez 0-0: Swinging Strike
0-1: Ball
1-1: Ball
2-1: SINGLE (Groundball, 34D)
Daryl Floyd scores
Pitching: RHP José Gómez
Batting: RHB Barney Lawson 0-0: Ground out 1-3 (Groundball, P)
Top of the 5th over - 2 run(s), 2 hit(s), 0 error(s), 1 left on base; Blueville 6 - Trenton 2
BOTTOM OF THE 5TH
Trenton Stars batting - Pitching for Blueville 83's : LHP Carlos Thomas
Batting: RHB Felipe Olivas 0-0: Ground out 4-3 (Groundball, 4MD)
Batting: SHB Nick Marshall 0-0: Swinging Strike
0-1: Reached on error, E6 (Groundball, 6)
Pitching: LHP Pierre Dumont
Batting: RHB Chris Cole 0-0: Ball
1-0: Foul Ball, location: 2F
1-1: Foul Ball, location: 2F
1-2: Foul Ball, location: 2F
1-2: Foul Ball, location: 2F
1-2: Foul Ball, location: 2F
1-2: Ball
2-2: Ground out 6-3 (Groundball, 6S)
Nick Marshall to third
Batting: RHB Rafael Canales 0-0: Ball
1-0: Ball
2-0: Ground out 4-3 (Groundball, 4)
Bottom of the 5th over - 0 run(s), 0 hit(s), 1 error(s), 1 left on base; Blueville 6 - Trenton 2
TOP OF THE 6TH
Blueville 83's batting - Pitching for Trenton Stars : RHP José Gómez
Batting: RHB Gernot Renner 0-0: Called Strike
0-1: Called Strike
0-2: Ball
1-2: Strikes out swinging
Batting: RHB Oliver Lugo 0-0: Foul Ball, location: 2F
0-1: Swinging Strike
0-2: Strikes out swinging
Batting: RHB Matt Perkins 0-0: Ball
1-0: Foul Ball, location: 2F
1-1: Called Strike
1-2: Ball
2-2: Ground out 1-3 (Groundball, P)
Top of the 6th over - 0 run(s), 0 hit(s), 0 error(s), 0 left on base; Blueville 6 - Trenton 2
BOTTOM OF THE 6TH
Trenton Stars batting - Pitching for Blueville 83's : LHP Pierre Dumont
Batting: LHB Ricardo Brandariz 0-0: Called Strike
0-1: Ball
1-1: Foul Ball, location: 2F
1-2: SINGLE (Line Drive, 8LS)
Batting: RHB Jonas Uttley 0-0: Called Strike
0-1: Called Strike
0-2: Hit by Pitch
Ricardo Brandariz to second
Batting: RHB Kenji Murayama 0-0: Called Strike
0-1: Called Strike
0-2: Foul Ball, location: 2F
0-2: Ball
1-2: Ball
2-2: Ball
3-2: SINGLE (Line Drive, 56D)
Ricardo Brandariz to third
Jonas Uttley to second
Batting: RHB Clancy Booker 0-0: Called Strike
0-1: Ball
1-1: Swinging Strike
1-2: Ball
Wild Pitch!
Ricardo Brandariz scores
Jonas Uttley to third
Kenji Murayama to second
2-2: Strikes out swinging
Batting: RHB Gabriel Villegas 0-0: Ball
1-0: Ball
2-0: DOUBLE (Line Drive, 78M)
Jonas Uttley scores
Kenji Murayama scores
Pitching: RHP Eric Richards
Batting: RHB Felipe Olivas 0-0: Called Strike
0-1: Ball
1-1: Called Strike
1-2: Ground out 6-3 (Groundball, 6M)
Gabriel Villegas to third
Batting: SHB Nick Marshall 0-0: Ball
1-0: Ball
2-0: Called Strike
2-1: Ground out 4-3 (Groundball, 4)
Bottom of the 6th over - 3 run(s), 3 hit(s), 0 error(s), 1 left on base; Blueville 6 - Trenton 5
TOP OF THE 7TH
Blueville 83's batting - Pitching for Trenton Stars : RHP José Gómez
Batting: LHB Ricardo Romero 0-0: Ball
1-0: Ball
2-0: Foul Ball, location: 2F
2-1: Foul Ball, location: 2F
2-2: Ball
3-2: Base on Balls
Batting: RHB Dallas Blair 0-0: Called Strike
0-1: Bunted foul
0-2: Foul Ball, location: 2F
0-2: Ball
1-2: SINGLE (Line Drive, 6D)
Ricardo Romero to second
Batting: LHB Vincente Sáenz 0-0: Called Strike
0-1: Bunt missed!
0-2: Strikes out swinging
Pinch Hitting: LHB Jacob Wright 0-0: Ball
1-0: Ball
2-0: Called Strike
2-1: Foul Ball, location: 2F
2-2: Fly out, F3 (Line Drive, 3)
Pitching: RHP Juan Vázquez
Batting: LHB Júlio Velásquez 0-0: Ball
1-0: Ball
2-0: Ball
3-0: Base on Balls
Ricardo Romero to third
Dallas Blair to second
Pinch Hitting: LHB Cristóbal Cintrón 0-0: Ball
1-0: Ball
2-0: Ball
3-0: Called Strike
3-1: Base on Balls
Ricardo Romero scores
Dallas Blair to third
Júlio Velásquez to second
Batting: RHB Gernot Renner 0-0: Ball
1-0: Ball
2-0: Called Strike
2-1: Foul Ball, location: 2F
2-2: Foul Ball, location: 2F
2-2: Ball
3-2: Base on Balls
Dallas Blair scores
Júlio Velásquez to third
Cristóbal Cintrón to second
Pinch Hitting: LHB Dave Pitts 0-0: Called Strike
0-1: Swinging Strike
0-2: Ball
1-2: Foul Ball, location: 2F
1-2: Fly out, F8 (Flyball, 8LD)
Top of the 7th over - 2 run(s), 1 hit(s), 0 error(s), 3 left on base; Blueville 8 - Trenton 5
BOTTOM OF THE 7TH
Trenton Stars batting - Pitching for Blueville 83's : RHP Eric Richards
Now at 1B: Jacob Wright
Now at SS: Kuniaki Kawashima
Now in LF: Cristóbal Cintrón
Batting: RHB Chris Cole 0-0: Ball
1-0: Swinging Strike
1-1: Foul Ball, location: 2F
1-2: Ground out 5-3 (Groundball, 56S)
Batting: RHB Rafael Canales 0-0: Ball
1-0: Called Strike
1-1: SINGLE (Groundball, 56D)
Batting: LHB Ricardo Brandariz 0-0: Swinging Strike
0-1: Ball
Passed Ball!
Rafael Canales to second
1-1: Ball
2-1: Ball
3-1: Base on Balls
Batting: RHB Jonas Uttley 0-0: Fielders Choice at 2nd, 3-6 (Groundball, 34)
Rafael Canales to third
Batting: RHB Kenji Murayama 0-0: Ball
1-0: Ball
2-0: Foul Ball, location: 2F
2-1: Ball
3-1: Base on Balls
Jonas Uttley to second
Batting: RHB Clancy Booker 0-0: Called Strike
0-1: Ball
1-1: Ball
2-1: Foul Ball, location: 2F
2-2: Foul Ball, location: 2F
2-2: Strikes out swinging
Bottom of the 7th over - 0 run(s), 1 hit(s), 0 error(s), 3 left on base; Blueville 8 - Trenton 5
TOP OF THE 8TH
Blueville 83's batting - Pitching for Trenton Stars : RHP Juan Vázquez
Batting: RHB Matt Perkins 0-0: Foul Ball, location: 2F
0-1: Fly out, F5 (Line Drive, 5)
Batting: LHB Ricardo Romero 0-0: Swinging Strike
0-1: Ball
1-1: Foul Ball, location: 2F
1-2: Reached on error, E6 (Groundball, 6M)
Batting: RHB Dallas Blair 0-0: Called Strike
0-1: Ball
1-1: Ball
2-1: Ball
3-1: Foul Ball, location: 2F
3-2: Strikes out swinging
Pitching: RHP Gilberto Martínez
Batting: LHB Vincente Sáenz 0-0: Ball
1-0: Fly out, F7 (Flyball, 7S)
Top of the 8th over - 0 run(s), 0 hit(s), 1 error(s), 1 left on base; Blueville 8 - Trenton 5
BOTTOM OF THE 8TH
Trenton Stars batting - Pitching for Blueville 83's : RHP Eric Richards
Batting: RHB Gabriel Villegas 0-0: SINGLE (Flyball, 89S)
Batting: RHB Felipe Olivas 0-0: Ball
1-0: Ball
2-0: Called Strike
2-1: Foul Ball, location: 2F
2-2: SINGLE (Groundball, 4) (infield hit)
Gabriel Villegas to second
Batting: SHB Nick Marshall 0-0: Called Strike
0-1: Swinging Strike
0-2: Foul Ball, location: 2F
0-2: Ball
1-2: Foul Ball, location: 2F
1-2: Ball
2-2: Strikes out swinging
Batting: RHB Chris Cole 0-0: Called Strike
0-1: Foul Ball, location: 2F
0-2: Ball
1-2: Ball
2-2: Foul Ball, location: 2F
2-2: SINGLE (Groundball, 4MD)
Gabriel Villegas to third
Felipe Olivas to second
Pinch Hitting: LHB Marvin Morris 0-0: Foul Ball, location: 2F
0-1: Ball
1-1: Swinging Strike
1-2: Grounds into double play, 4-6-3 (Groundball, 4D)
Bottom of the 8th over - 0 run(s), 3 hit(s), 0 error(s), 2 left on base; Blueville 8 - Trenton 5
TOP OF THE 9TH
Blueville 83's batting - Pitching for Trenton Stars : RHP Gilberto Martínez
Now at 1B: Marvin Morris
Batting: LHB Jacob Wright 0-0: Ball
1-0: Ball
2-0: Ball
3-0: Base on Balls
Batting: LHB Júlio Velásquez 0-0: Ball
1-0: Reached on error, E2 (Groundball, 25)
Jacob Wright to third
Batting: LHB Cristóbal Cintrón 0-0: Called Strike
0-1: Called Strike
0-2: Ball
1-2: Ball
2-2: Ball
3-2: Base on Balls
Pitching: RHP Jonathan Booker
Batting: RHB Gernot Renner 0-0: Foul Ball, location: 2F
0-1: Fly out, F5 (Line Drive, 56)
Pinch Hitting: RHB Fernando Díaz 0-0: Called Strike
0-1: Ball
1-1: Foul Ball, location: 2F
1-2: Ball
2-2: Strikes out swinging
Batting: RHB Matt Perkins 0-0: Ball
1-0: Ground out 5-3 (Groundball, 56S)
Top of the 9th over - 0 run(s), 0 hit(s), 1 error(s), 3 left on base; Blueville 8 - Trenton 5
BOTTOM OF THE 9TH
Trenton Stars batting - Pitching for Blueville 83's : RHP Eric Richards
Pitching: RHP Félix Rivera
Now at SS: Carlos Carrillo
Batting: LHB Ricardo Brandariz 0-0: Called Strike
0-1: Ball
1-1: Ball
2-1: SINGLE (Groundball, 4MD)
Batting: RHB Jonas Uttley 0-0: Ball
1-0: Grounds into double play, 6-4-3 (Groundball, 6)
Batting: RHB Kenji Murayama 0-0: Ball
1-0: Swinging Strike
1-1: Foul Ball, location: 2F
1-2: Fly out, F5 (Line Drive, 5)
Bottom of the 9th over - 0 run(s), 1 hit(s), 0 error(s), 0 left on base; Blueville 8 - Trenton 5
Thursday, March 30th, 2017 - OOTP Baseball 17.12 Build 75